 Dungeon Crawl Stone Soup version 0.17.1-3-g152610e (webtiles) character file.

982 Urist the Skirmisher (level 8, 0/70 HPs)
             Began as a Hill Orc Fighter on Apr 8, 2016.
             Was an Initiate of Gozag.
             Slain by an ogre
             ... wielding a +0 giant club
              (15 damage)
             ... on level 5 of the Dungeon.
             The game lasted 00:12:16 (3637 turns).

Urist the Skirmisher (Hill Orc Fighter)             Turns: 3637, Time: 00:12:17

Health: 0/70       AC:  8    Str: 21    XL:     8   Next: 17%
Magic:  8/8        EV:  9    Int:  8    God:    Gozag
Gold:   862        SH: 10    Dex: 10    Spells: 0 memorised, 7 levels left

rFire  . . .     SeeInvis .     a - +3 long sword
rCold  . . .     Clarity  .     b - +0 scale mail
rNeg   . . .     SustAt   .     c - +0 shield
rPois  .         Gourm    .     n - +0 helmet
rElec  .         Spirit   .     (no cloak)
rCorr  .         Warding  .     (no gloves)
rMut   .         Rnd*Tele +     (no boots)
MR     .....                    (no amulet)
Stlth  ..........               (no ring)
                                q - ring of teleportation

@: not resistant to hostile enchantments, extremely unstealthy
A: no striking features
a: Potion Petition, Call Merchant, Bribe Branch, Renounce Religion, Evoke
Teleportation


You were on level 5 of the Dungeon.
You worshipped Gozag.
Gozag was noncommittal.
You were very hungry.

You visited 1 branch of the dungeon, and saw 5 of its levels.

You collected 862 gold pieces.

Inventory:

Hand Weapons
 a - a +3 long sword (weapon)
Armour
 b - a +0 scale mail (worn)
 c - a +0 shield (worn)
 n - a +0 helmet (worn)
Jewellery
 q - a ring of teleportation (left hand)
Wands
 e - a wand of frost (42)
Scrolls
 f - a scroll of remove curse
 g - 4 scrolls of identify
 h - a scroll of recharging
 j - a scroll of noise {unknown}
 k - 6 scrolls of teleportation
 p - a scroll of magic mapping {unknown}
Potions
 d - 2 potions of might
 i - 4 potions of flight
 o - a potion of curing {unknown}
Comestibles
 m - 2 meat rations


   Skills:
 * Level 6.3 Fighting
 * Level 4.8 Long Blades
 * Level 5.6 Armour
 * Level 3.1 Dodging
 + Level 0.6 Stealth
 * Level 5.0 Shields
 + Level 0.2 Evocations


You had 7 spell levels left.
You didn't know any spells.

Dungeon Overview and Level Annotations

Branches:
Dungeon (5/15)             Temple (0/1) D:5

Altars:
Gozag
Trog
Vehumet
Zin
Beogh


Message History

The ogre hits you with a giant club!!
You hit the ogre.
The ogre is heavily wounded.
You block the ogre's attack.
You hit the ogre.
The ogre is heavily wounded.
The ogre hits you with a giant club!!
You are feeling very hungry.
You hit the ogre.
The ogre is severely wounded.
The ogre hits you with a giant club!
You hit the ogre.
The ogre is severely wounded.
The ogre hits you with a giant club!
* * * LOW HITPOINT WARNING * * *
You slash the ogre!
The ogre is almost dead.
The ogre hits you with a giant club!
You die...
Your body crumbles into a pile of gold.

#..≈≈≈≈≈≈≈≈≈≈≈≈≈..# ##)## #
#....≈≈≈≈≈≈≈≈≈....# #...# #.
#......≈≈≈≈≈......# #)).# #.
...................# #.).# ##
##.......##.#.###..# #...#
##.......#.......#.#####...#
##.......#..#.##.#...........
##.........#?..O..............
##.......#..#
#@##...........Z.
##......)#.#####.#
###.......###
##.......#.......# #.#...#.#
#####......##....#
........##>##.####
#.###.#.##.##.#
#.##........#.#
.........#..#.#
#.###....#..#.#


You could see an ogre.

Vanquished Creatures
  Edmund (D:4)
  Duvessa (D:4)
  The ghost of grom234 the Vexing, an amateur OgAM (D:3)
  A phantom (D:4)
  Dowan (D:4)
  A scorpion (D:5)
  A crimson imp (D:5)
  An orc priest (D:4)
  3 iguanas
  4 orc wizards (D:5)
  A hound zombie (D:5)
  A hound skeleton (D:4)
  4 adders
  5 gnolls
  An ooze (D:2)
  An adder skeleton (D:5)
  6 worms
  A giant gecko (D:3)
  21 orcs
  6 hobgoblins
  2 jackals (D:4)
  13 kobolds
  2 quokkas
  12 bats
  2 giant cockroaches
  9 giant newts
  5 goblins
  11 rats
118 creatures vanquished.

Notes
Turn   | Place    | Note
--------------------------------------------------------------
     0 | D:1      | Urist the Hill Orc Fighter began the quest for the Orb.
     0 | D:1      | Reached XP level 1. HP: 19/19 MP: 1/1
    68 | D:1      | Reached XP level 2. HP: 27/27 MP: 2/2
   200 | D:1      | Reached skill level 4 in Fighting
   408 | D:2      | Reached XP level 3. HP: 33/33 MP: 3/3
   429 | D:2      | Found a faded altar to an unknown god.
   641 | D:2      | Became a worshipper of Gozag Ym Sagoz the Greedy
   921 | D:3      | Reached XP level 4. HP: 19/40 MP: 4/4
  1075 | D:3      | Reached skill level 1 in Dodging
  1086 | D:3      | Noticed grom234's ghost (amateur OgAM)
  1108 | D:3      | Killed grom234's ghost
  1108 | D:3      | Reached XP level 5. HP: 21/47 MP: 5/5
  1140 | D:3      | Found a radiant altar of Vehumet.
  1512 | D:3      | Reached XP level 6. HP: 49/53 MP: 6/6
  1625 | D:3      | Found a bloodstained altar of Trog.
  1654 | D:3      | Found a glowing silver altar of Zin.
  1836 | D:4      | Reached skill level 5 in Fighting
  2113 | D:4      | Noticed Edmund
  2129 | D:4      | Killed Edmund
  2129 | D:4      | Reached XP level 7. HP: 40/61 MP: 7/7
  2293 | D:4      | Found a roughly hewn altar of Beogh.
  2300 | D:4      | Reached skill level 5 in Armour
  2353 | D:4      | Noticed Dowan
  2355 | D:4      | Noticed Duvessa
  2754 | D:4      | Killed Duvessa
  2770 | D:4      | Killed Dowan
  2770 | D:4      | Reached skill level 6 in Fighting
  3032 | D:5      | Entered Level 5 of the Dungeon
  3356 | D:5      | Found a staircase to the Ecumenical Temple.
  3422 | D:5      | Reached skill level 5 in Shields
  3422 | D:5      | Reached XP level 8. HP: 62/70 MP: 8/8
  3637 | D:5      | Slain by an ogre

Action                   |  1- 3 |  4- 6 |  7- 9 || total
-------------------------+-------+-------+-------++-------
Melee: Long sword        |   152 |   137 |   180 ||   469
Evoke: Wand              |       |       |     2 ||     2
  Use: Potion            |       |     2 |     3 ||     5
       Scroll            |       |    11 |     1 ||    12
  Eat: Bread ration      |       |     1 |     1 ||     2
